 Dungeon Crawl Stone Soup version 0.26-a0-651-gb41185065b (webtiles) character file.

Game seed: 9332786234154850288

424 Lanoc the Vandal (level 7, -4/48 HPs)
             Began as a Halfling Gladiator on Oct 19, 2020.
             Slain by Grinder (5 damage)
             ... on level 3 of the Dungeon.
             The game lasted 00:04:58 (1943 turns).

Lanoc the Vandal (Halfling Gladiator)               Turns: 1943, Time: 00:04:58

Health: -4/48      AC:  8    Str: 15    XL:     7   Next: 17%
Magic:  7/7        EV: 16    Int:  6    God:
Gold:   57         SH:  0    Dex: 18    Spells: 6/6 levels left

rFire    + . .     SeeInvis .   a - +0 rapier
rCold    . . .     Faith    .   (shield restricted)
rNeg     . . .     Spirit   .   i - +2 ring mail {rF+}
rPois    .         Reflect  .   c - +0 helmet
rElec    .         Harm     .   (no cloak)
rCorr    .         Rampage  .   (no gloves)
MR       .....                  (no boots)
Stlth    +.........             (no amulet)
HPRegen  0.16/turn              (no ring)
MPRegen  0.10/turn              (no ring)

@: flying
A: small, mutation resistance 1
a: no special abilities


You were on level 3 of the Dungeon.
You visited 1 branch of the dungeon, and saw 4 of its levels.

You collected 57 gold pieces.

Inventory:

Hand Weapons
 a - a +0 rapier (weapon)
 b - a +0 hunting sling
Missiles
 l - 3 stones (quivered)
Armour
 c - a +0 helmet (worn)
 i - a +2 ring mail of fire resistance (worn)
Wands
 g - a wand of paralysis (16)
Scrolls
 e - 2 scrolls of identify {unknown}
 f - a scroll of remove curse {unknown}
 k - a scroll of enchant weapon {unknown}
 m - 2 scrolls of teleportation {unknown}
 n - a scroll of amnesia {unknown}
Potions
 o - a potion of flight


   Skills:
 + Level 4.0 Fighting
 - Level 3.6 Short Blades
 * Level 5.5(5.9) Slings
 - Level 2.0(3.1) Throwing
 + Level 5.4 Dodging


You had 6 spell levels left.
You didn't know any spells.
Your spell library was empty.

Dungeon Overview and Level Annotations

Branches:
Dungeon (4/15)
 Temple: D:4-7

Altars:
Ashenzari
Makhleb

Annotations:
D:3 Grinder
D:4 Natasha


Innate Abilities, Weirdness & Mutations

You are small and have problems with some larger weapons.
You are somewhat resistant to further mutation.


Message History

You writhe in agony.
* * * LOW HITPOINT WARNING * * *
You hit Grinder.
Grinder is heavily wounded.
Grinder misses you.
You hit Grinder but do no damage.
Grinder is heavily wounded.
Grinder misses you.
You closely miss Grinder.
Grinder is heavily wounded.
Grinder hits you but does no damage.
You barely miss Grinder.
Grinder is heavily wounded.
Grinder closely misses you.
You barely miss Grinder.
Grinder is heavily wounded.
Grinder hits you.
* * * LOW HITPOINT WARNING * * *
You writhe in agony.
You die...

###.####### #.......# #.##
#.##....# ###....## #.#
#ยง##.##.#####....# #.#
#.##.##.##...#.#.# #.##
#.##.<........(#.# #.<.
#.##.##.##.......#### #.##
#.##.##.###.(.#.......# #...
#.##.##.# #.#....####.# #.##
#.##.##.# #.##@#.# ##.#### #.#
#.......###.##5....>..... ...
######.#...........####.#.#######
.......#.........### #.#.8.8.8.8
######.######.##.######..........
#.######......).[)..........
#.##........######..........
#.##.###..### #.......... #.##.#
#..# ##..........


You could see Grinder.

Vanquished Creatures
  Sigmund (D:2)
  3 orc wizards
  Ijyb (D:3)
  Natasha (D:4)
  Terence (D:2)
  A worker ant (D:4)
  A gnoll (D:1)
  4 adders
  An ooze (D:2)
  A worm (D:3)
  2 dart slugs
  A leopard gecko (D:2)
  2 orcs
  A giant cockroach (D:4)
  8 goblins
  4 hobgoblins
  2 bats
  2 frilled lizards (D:3)
  A kobold (D:2)
  6 rats
44 creatures vanquished.

Notes
Turn   | Place    | Note
-------+----------+-------------------------------------------
     0 | D:1      | Lanoc the Halfling Gladiator began the quest for the Orb.
     0 | D:1      | Reached XP level 1. HP: 14/14 MP: 1/1
    25 | D:1      | Reached XP level 2. HP: 19/19 MP: 2/2
   117 | D:3      | Reached XP level 3. HP: 25/25 MP: 3/3
   122 | D:3      | Found a broken altar of Ashenzari.
   206 | D:3      | Noticed Ijyb
   222 | D:3      | Paralysed by Ijyb for 6 turns
   233 | D:3      | Paralysed by Ijyb for 2 turns
   239 | D:3      | Killed Ijyb
   239 | D:3      | Reached XP level 4. HP: 17/31 MP: 4/4
   598 | D:3      | Noticed Grinder
   654 | D:4      | Noticed Natasha
   662 | D:4      | Killed Natasha
   662 | D:4      | Reached skill level 1 in Slings
   662 | D:4      | Reached XP level 5. HP: 36/36 MP: 5/5
   806 | D:4      | Found a burning altar of Makhleb.
   848 | D:4      | HP: 1/36 [something/magic dart (5)]
   872 | D:4      | Noticed Natasha
   899 | D:3      | Reached skill level 5 in Dodging
   899 | D:3      | Reached XP level 6. HP: 11/42 MP: 6/6
   979 | D:3      | Paralysed by Grinder for 2 turns
  1205 | D:3      | Paralysed by Grinder for 2 turns
  1218 | D:3      | Paralysed by Grinder for 6 turns
  1482 | D:2      | Noticed Sigmund
  1499 | D:2      | Killed Sigmund
  1499 | D:2      | Reached skill level 5 in Slings
  1499 | D:2      | Reached XP level 7. HP: 38/47 MP: 7/7
  1627 | D:2      | Noticed Terence
  1658 | D:2      | Killed Terence
  1885 | D:3      | Paralysed by Grinder for 6 turns
  1907 | D:3      | Paralysed by Grinder for 3 turns
  1943 | D:3      | HP: 1/48 [Grinder (3)]
  1943 | D:3      | Slain by Grinder

Illustrated notes

Levels and vault maps discovered:
D:1:      dpeg_arrival_stone_temple_mockup, layout_basic, minmay_misc_feat_rows,
          skrybe_limestone_x
D:2:      minmay_spotlight, layout_loops_corners, lemuel_doored_altar,
          uniq_terence, uniq_jessica, uniq_sigmund
D:3:      kennysheep_the_goblin_king, layout_loops_ring,
          ashenzari_conservatory_becter, lemuel_crystal_altar, uniq_grinder
D:4:      layout_loops_ring, overflow_temple_1_default, serial_shops, shop,
          nicolae_shop_crystal, shop_fountains, uniq_menkaure, uniq_natasha,
          uniq_duvessa

Skill      XL: |  1  2  3  4  5  6  7 |
---------------+----------------------+-----
Fighting       | 2 3 4 |  4.0
Dodging        | 4 5 |  5.4
Slings         | 1 3 5 |  5.5
Short Blades   | |  3.6
Throwing       | |  2.0

Action                   |  1- 3 |  4- 6 |  7- 9 || total
-------------------------+-------+-------+-------++-------
Melee: Rapier            |    50 |   121 |    87 ||   258
 Fire: Hunting sling     |       |     9 |     6 ||    15
Throw: Throwing net      |     2 |     2 |     4 ||     8
  Use: Potion            |       |     2 |     1 ||     3
 Stab: Held in net/web   |     2 |     2 |       ||     4
Armor: Leather armour    |     9 |       |       ||     9
       Ring mail         |       |    22 |    26 ||    48
Dodge: Dodged            |    30 |    71 |    92 ||   193

Table legend: (Time is in decaauts)
 A = Elapsed time spent in this place.
 B = Non-inter-level travel time spent in this place.
 C = Inter-level travel time spent in this place.
 D = Time resting spent in this place.
 E = Time spent auto-exploring this place.
 F = Levels seen in this place.
 G = Mean time per level.
                   A        B        C        D        E       F      G
               +--------+--------+--------+--------+--------+-----+--------+
         Total |   1945 |   1921 |     24 |    453 |    844 |   4 |  486.2 |
       Dungeon |   1945 |   1921 |     24 |    453 |    844 |   4 |  486.2 |
               +--------+--------+--------+--------+--------+-----+--------+

Top non-repeatable levels by time:
     D:2: 908 daAuts
     D:3: 718 daAuts
     D:4: 284 daAuts
     D:1: 33 daAuts
